 Dungeon Crawl Stone Soup version 0.23.2-33-g5129a83 (webtiles) character file.

Game seed: 14820998994433099995

53 Aphrodieselac the Charmwright (level 3, -2/27 HPs)
             Began as a Merfolk Skald on Aug 5, 2019.
             Slain by a gnoll
             ... wielding a +0 club
              (8 damage)
             ... on level 2 of the Dungeon.
             The game lasted 00:04:44 (1242 turns).

Aphrodieselac the Charmwright (Merfolk Skald)       Turns: 1242, Time: 00:04:44

Health: -2/27      AC:  3    Str: 11    XL:     3   Next: 87%
Magic:  5/6        EV: 12    Int: 13    God:
Gold:   62         SH:  5    Dex: 13    Spells: 1/6 levels left

rFire    . . .     SeeInvis .   a - +0 spear
rCold    . . .     Gourm    .   (no shield)
rNeg     . . .     Faith    .   b - +0 leather armour
rPois    .         Spirit   .   (no helmet)
rElec    .         Reflect  +   (no cloak)
rCorr    .         Harm     .   (no gloves)
MR       .....                  (no boots)
Stlth    +.........             j - +5 amulet of reflection
HPRegen  0.09/turn              (no ring)
MPRegen  0.10/turn              (no ring)

@: singing
A: change form in water, swift swim, stealthy swim
a: no special abilities


You were on level 2 of the Dungeon.
You were not hungry.

You visited 1 branch of the dungeon, and saw 2 of its levels.

You collected 62 gold pieces.

Inventory:

Hand Weapons
 a - a +0 spear (weapon)
 h - a +0 hunting sling
Armour
 b - a +0 leather armour (worn)
Jewellery
 j - a +5 amulet of reflection (around neck)
Scrolls
 c - 2 scrolls of random uselessness {unknown}
 e - a scroll of identify {unknown}
 g - a scroll of enchant armour {unknown}
 k - a scroll of teleportation {unknown}
Potions
 f - a potion of heal wounds {unknown}
Comestibles
 d - a ration
 i - 4 chunks of flesh


   Skills:
 - Level 2.1 Fighting
 + Level 4.2 Polearms
 - Level 0.6 Armour
 - Level 2.6 Dodging
 - Level 2.0 Spellcasting
 * Level 4.6 Charms


You had one spell level left.
You knew the following spells:

 Your Spells              Type           Power        Failure   Level  Hunger
a - Infusion              Chrm           ##..         4%          1    ##.....
b - Song of Slaying       Chrm           ##......     8%          2    ###....
c - Shroud of Golubria    Chrm/Tloc      #.........   21%         2    ###....

Your spell library contained the following spells:

 Spells                   Type           Power        Failure   Level  Hunger
 Regeneration             Chrm/Necr      #.........   36%         3    ####...
 Spectral Weapon          Hex/Chrm       #.......     36%         3    ####...


Dungeon Overview and Level Annotations

Branches:
Dungeon (2/15)

Altars:


Message History

You block the gnoll's attack.
You hit the gnoll.
The gnoll is severely wounded.
The gnoll hits you with a +0 club. You block the gnoll's attack. x3
You hit the gnoll.
The gnoll is almost dead.
The gnoll barely misses you. You block the gnoll's attack. x3
You hit the gnoll.
You kill the gnoll!
The gnoll hits you from afar with a +0 spear.
The gnoll barely misses you. The gnoll hits you with a +0 whip.
You barely miss the gnoll.
The gnoll is moderately wounded.
The gnoll closely misses you.
You closely miss the gnoll.
The gnoll is moderately wounded.
The gnoll hits you with a +0 whip.
* * * LOW HITPOINT WARNING * * *
The gnoll hits you with a +0 club!
You die...

..........#............##........
..........#............##........
........................'........
.......................##........
...>....................+........
.........#..............#....#.##
................$.......#...)<...
......####.......g......#...g####
........<.......@†..###.#.#gg#...
.................g..........g#..g
#+#......÷........g.......#......
.........................####g.r
................##........ ...
......###.......#!........ ...
...... ....#..###.....?... ...
......####.#..# ......... ###
.... ....... .......


You could see 3 gnolls.

Vanquished Creatures
  A gnoll (D:2)
  2 adders (D:1)
  A dart slug (D:1)
  A leopard gecko (D:1)
  A bat (D:1)
  A giant cockroach (D:1)
  3 goblins (D:1)
  2 hobgoblins
  3 kobolds (D:1)
  A ball python (D:1)
  3 frilled lizards (D:1)
  6 rats
25 creatures vanquished.

Notes
Turn   | Place    | Note
-------+----------+-------------------------------------------
     0 | D:1      | Aphrodieselac the Merfolk Skald began the quest for the
                  | Orb.
     0 | D:1      | Reached XP level 1. HP: 16/16 MP: 3/3
   123 | D:1      | Reached XP level 2. HP: 12/22 MP: 5/5
   829 | D:1      | Reached XP level 3. HP: 22/27 MP: 3/6
   900 | D:1      | Learned a level 2 spell: Song of Slaying
   903 | D:1      | Learned a level 2 spell: Shroud of Golubria
  1242 | D:2      | Slain by a gnoll

Skill      XL: |  1  2  3 |
---------------+----------+-----
Charms         | 4 |  4.6
Polearms       | 4 |  4.2
Fighting       | |  2.1
Armour         | |  0.6
Dodging        | |  2.6
Spellcasting   | |  2.0

Action                   || total
-------------------------++-------
Melee: Spear             ||    90
 Cast: Infusion          ||     2
       Song of Slaying   ||     1
  Eat: Chunk             ||     1
Armor: Leather armour    ||    15
Dodge: Dodged            ||    29
Block: Other             ||     9
